 Dungeon Crawl Stone Soup version 0.29-a0-330-g52719c12eb (webtiles) character file.

Game seed: 9514414965488057471

25552 kae the Martial Artist (level 12, -7/95 HPs)
             Began as a Demonspawn Gladiator on Apr 15, 2022.
             Mangled by a komodo dragon (22 damage)
             ... on level 3 of the Lair of Beasts.
             The game lasted 00:11:44 (18008 turns).

kae the Martial Artist (Demonspawn Gladiator)      Turns: 18008, Time: 00:11:44

Health: -7/95      AC: 19    Str: 15    XL:     12   Next: 90%
Magic:  12/12      EV: 14    Int: 11    God:
Gold:   835        SH:  5    Dex: 18    Spells: 11/11 levels left

rFire   + . .      SeeInvis .     - Unarmed
rCold   . . .      Faith    .   (no shield)
rNeg    . . .      Spirit   .   H - +1 scale mail of the Serpent {rF+}
rPois   .          Reflect  +   b - +0 helmet
rElec   .          Harm     .   K - +2 cloak
rCorr   .          Rampage  .   l - +1 pair of gloves
Will    +....                   h - +0 pair of boots
Stlth   ..........              r - amulet of reflection
HPRegen 0.25/turn               k - +4 ring of slaying
MPRegen 0.13/turn               o - ring of willpower

@: no status effects
A: icy blue scales 1, demonic guardian 2, demonic magic 2, weakness stinger 2
a: no special abilities


You were on level 3 of the Lair of Beasts.
You visited 3 branches of the dungeon, and saw 14 of its levels.

You collected 905 gold pieces.
You spent 70 gold pieces at shops.

Inventory:

Missiles
 c - 5 throwing nets (quivered)
 d - a javelin
 u - 6 silver javelins
Armour
 b - a +0 helmet (worn)
 h - a +0 pair of boots (worn)
 l - a +1 pair of gloves (worn)
 H - the +1 scale mail of the Serpent (worn) {rF+}
   (You found it on level 10 of the Dungeon)

   rF:        It protects you from fire.
 K - a +2 cloak (worn)
Jewellery
 k - a +4 ring of slaying (left hand)
 o - a ring of willpower (right hand)
 r - an amulet of reflection (around neck)
 t - a +6 ring of intelligence
 B - a +6 ring of strength
 F - an amulet of regeneration
 G - a ring of wizardry
Wands
 v - a wand of iceblast (9)
 y - a wand of polymorph (7)
 A - a wand of flame (37)
Scrolls
 a - a scroll of brand weapon
 e - 3 scrolls of vulnerability
 f - 6 scrolls of identify
 g - a scroll of enchant weapon
 i - 7 scrolls of teleportation
 m - 3 scrolls of magic mapping
 s - 2 scrolls of fog
 D - a scroll of blinking
 J - a scroll of silence
Potions
 j - 4 potions of mutation
 n - 6 potions of curing
 p - 2 potions of heal wounds
 q - a potion of degeneration
 w - a potion of cancellation
 x - 3 potions of haste
 z - a potion of attraction
 C - a potion of flight
 E - 2 potions of ambrosia
 I - a potion of lignification


   Skills:
 + Level 9.2 Fighting
 - Level 1.7 Throwing
 + Level 8.2 Armour
 + Level 8.8 Dodging
 * Level 14.1 Unarmed Combat


You had 11 spell levels left.
You didn't know any spells.
Your spell library contained the following spells:

 Spells                   Type           Power      Damage    Failure   Level
 Animate Skeleton         Necr           0%         N/A       75%         1
 Apportation              Tloc           0%         N/A       75%         1
 Foxfire                  Conj/Fire      0%         2x1d4     75%         1
 Slow                     Hex            0%         N/A       75%         1
 Summon Small Mammal      Summ           0%         N/A       75%         1
 Corpse Rot               Necr/Air       0%         N/A       86%         2
 Poisonous Vapours        Pois/Air       0%         N/A       86%         2
 Static Discharge         Conj/Air       0%         N/A       86%         2
 Confusing Touch          Hex            0%         N/A       98%         3
 Conjure Flame            Conj/Fire      0%         6-21      98%         3
 Gell's Gravitas          Tloc           0%         N/A       98%         3
 Inner Flame              Hex/Fire       0%         N/A       98%         3
 Lesser Beckoning         Tloc           0%         N/A       98%         3
 Ozocubu's Armour         Ice            0%         N/A       98%         3
 Summon Guardian Golem    Hex/Summ       0%         N/A       98%         3
 Teleport Other           Tloc           0%         N/A       98%         3
 Tukima's Dance           Hex            0%         N/A       98%         3
 Vampiric Draining        Necr           0%         2d6       98%         3
 Cause Fear               Hex            0%         N/A       100%        4
 Flame Wave               Conj/Fire      0%         2d4       100%        4
 Hailstorm                Conj/Ice       0%         3d3       100%        4
 Lightning Bolt           Conj/Air       0%         1d11      100%        5
 Ozocubu's Refrigeration  Ice            0%         4d5       100%        7
 Discord                  Hex            0%         N/A       100%        8
 Maxwell's Capacitive Co  Air            0%         ∞         100%        8


Dungeon Overview and Level Annotations

Branches:
Dungeon (10/15)            Temple (1/1) D:7            Lair (3/6) D:9
  Swamp: Lair:2-4    Shoals: Lair:2-4     Snake: Lair:2-4    Spider: Lair:2-4
    Orc: D:9-12

Altars:
Ashenzari
Cheibriados
Dithmenos
Elyvilon
Fedhas
Gozag
Hepliaklqana
Kikubaaqudgha
Makhleb
Nemelex Xobeh
Okawaru
Qazlal
Ru
Sif Muna
Trog
Uskayaw
Vehumet
Wu Jian
Xom
Yredelemnul
Zin
The Shining One

Shops:
D:3 ?   D:5 (

Annotations:
D:9 exclusions: 2 doors and statue


Innate Abilities, Weirdness & Mutations

You are partially covered in icy blue scales. (AC +2)
A demonic guardian rushes to your aid.
Spells you cast may paralyse nearby enemies.
You have a tail ending in a sharp stinger.


Message History

The wyvern completely misses you.
The bullfrog hits you but does no damage.
The komodo dragon hisses menacingly.
The komodo dragon barely misses you.
You pummel the komodo dragon!!
You kill the komodo dragon!
The wyvern bites you but does no damage.
The bullfrog barely misses you.
You barely miss the wyvern. The wyvern misses you.
You block the komodo dragon's attack.
The bullfrog snags a nearby moth with its tongue.
The bullfrog hits you.
You closely miss the wyvern. You tail-slap the wyvern.
Your punch misses the wyvern.
The wyvern is moderately wounded.
The wyvern bites you! The bullfrog hits you. The komodo dragon bites you.
You are too injured to fight recklessly!
You are too injured to fight recklessly!
You are too injured to fight recklessly!
You are too injured to fight recklessly!
You punch the wyvern! You tail-slap the wyvern.
The wyvern is almost dead.
The wyvern bites you!
A demonic guardian appears!
The bullfrog barely misses you. The komodo dragon bites you.
You closely miss the wyvern.
Your tail-slap misses the wyvern.
You punch the wyvern.
You kill the wyvern!
You block the bullfrog's attack.
You hit the komodo dragon but do no damage.
The bullfrog misses you.
Your rust devil misses the komodo dragon.
The komodo dragon bites you!
* * * LOW HITPOINT WARNING * * *
You barely miss the komodo dragon. You punch the komodo dragon.
The komodo dragon is lightly wounded.
The bullfrog hits you.
* * * LOW HITPOINT WARNING * * *
Your rust devil barely misses the komodo dragon.
The komodo dragon bites you!!
You die...

.. ......P##..##..#
.... #......#........
....# ##..............
.....##...............
#.....P..#...#........
#............#........
#.....^.......†F.[.>..
#.....(....!..@.......
..........P..#.l......
<............##4.##..#
.....>...(.......!. .
........<..........$#
......................
...................#..
♣♣...[............#...
♣♣............#.


You could see a komodo dragon (ally target), a bullfrog and a friendly rust
devil (summoned).

Vanquished Creatures
  A hydra (Lair:1)
  2 two-headed ogres
  Nergalle (Lair:2)
  A harpy (D:10)
  2 black mambas
  4 molten gargoyles (D:9)
  A black mamba (shapeshifter) (D:10)
  4 cane toads
  3 komodo dragons
  2 kobold demonologists
  3 trolls
  2 polar bears (Lair:1)
  Sigmund (D:2)
  A ynoxinul (D:9)
  9 yaks
  3 wyverns
  A wraith (D:10)
  Grum (D:8)
  A hog (shapeshifter) (D:10)
  Menkaure (D:7)
  2 steam dragons
  A redback (Lair:3)
  4 vampire mosquitoes
  An acid dragon (D:10)
  6 water moccasins
  An orc warrior (D:8)
  2 sky beasts
  7 black bears
  2 ice beasts
  3 ogres
  4 wolves (D:8)
  2 centaurs (D:10)
  3 phantoms
  A kobold brigand (D:9)
  9 bullfrogs
  Blork the orc (D:6)
  2 gnoll sergeants
  A scorpion (D:7)
  15 wights
  4 killer bees
  An electric eel (Lair:1)
  A howler monkey (D:10)
  A crimson imp (D:6)
  4 orc priests (D:7)
  5 hounds (D:6)
  A gnoll shaman (D:10)
  A jelly (D:4)
  5 iguanas
  7 orc wizards
  7 gnolls
  6 adders
  A shadow imp (D:6)
  A white imp (D:3)
  An ufetubus (D:5)
  2 worms (D:2)
  A dart slug (D:2)
  23 orcs
  4 endoplasms
  7 giant cockroaches
  4 goblins
  9 hobgoblins
  2 quokkas (D:5)
  4 ball pythons
  4 bats
  6 frilled lizards
  9 kobolds
  2 rats
234 creatures vanquished.

Vanquished Creatures (collateral kills)
  A culicivora (Lair:3)
  2 yaks
  A water moccasin (D:5)
  A sky beast (D:6)
  An ice beast (D:6)
  2 wights
  A jelly (D:6)
  2 kobolds (D:6)
11 creatures vanquished.

Vanquished Creatures (others)
  6 fungi (Lair:2)
  2 plants
8 creatures vanquished.

Grand Total: 253 creatures vanquished

Notes
Turn   | Place    | Note
-------+----------+-------------------------------------------
     0 | D:1      | kae the Demonspawn Gladiator began the quest for the Orb.
     0 | D:1      | Reached XP level 1. HP: 16/16 MP: 1/1
   486 | D:1      | Gained mutation: You have a small tail. [demonic ancestry]
   486 | D:1      | Reached XP level 2. HP: 11/22 MP: 2/2
   692 | D:1      | Reached skill level 3 in Unarmed Combat
  1164 | D:2      | Noticed Sigmund
  1181 | D:2      | Gained mutation: A weak demonic guardian rushes to your
                  | aid. [demonic ancestry]
  1181 | D:2      | Reached XP level 3. HP: 28/28 MP: 3/3
  1193 | D:2      | Killed Sigmund
  1194 | D:2      | Reached skill level 1 in Armour
  1194 | D:2      | Reached skill level 4 in Unarmed Combat
  1194 | D:2      | Gained mutation: A demonic guardian rushes to your aid.
                  | [demonic ancestry]
  1194 | D:2      | Reached XP level 4. HP: 35/35 MP: 4/4
  1194 | D:2      | Reached XP level 5. HP: 41/41 MP: 5/5
  2210 | D:3      | Found Tako Laweta's Magic Scroll Boutique.
  2215 | D:3      | Bought a scroll of identify for 28 gold pieces
  2215 | D:3      | Bought a scroll of teleportation for 42 gold pieces
  2401 | D:3      | Gained mutation: You have a tail ending in a sharp stinger.
                  | [demonic ancestry]
  2401 | D:3      | Reached XP level 6. HP: 47/47 MP: 6/6
  3084 | D:4      | Reached skill level 5 in Unarmed Combat
  3084 | D:4      | Gained mutation: Spells you cast may paralyse adjacent
                  | enemies. [demonic ancestry]
  3084 | D:4      | Reached XP level 7. HP: 51/53 MP: 7/7
  3459 | D:4      | Found an ornate altar of the Wu Jian Council.
  3625 | D:4      | Found a shadowy altar of Dithmenos.
  4243 | D:5      | Entered Level 5 of the Dungeon
  4345 | D:5      | Found Methrit's Antique Weapon Shoppe.
  4622 | D:5      | Reached skill level 6 in Unarmed Combat
  4622 | D:5      | Gained mutation: Spells you cast may paralyse nearby
                  | enemies. [demonic ancestry]
  4622 | D:5      | Reached XP level 8. HP: 33/61 MP: 8/8
  5431 | D:6      | Reached skill level 5 in Dodging
  5499 | D:6      | Reached skill level 5 in Fighting
  5662 | D:6      | Found a basalt altar of Yredelemnul.
  5737 | D:6      | Noticed a kobold demonologist
  5744 | D:6      | Noticed a rust devil
  5759 | D:5      | Noticed a soul eater
  5760 | D:5      | Killed a kobold demonologist
  5761 | D:5      | Reached skill level 7 in Unarmed Combat
  5949 | D:6      | Reached XP level 9. HP: 22/68 MP: 9/9
  6223 | D:6      | Noticed Blork the orc
  6231 | D:6      | Killed Blork the orc
  6778 | D:6      | Found a broken altar of Ashenzari.
  6942 | D:6      | Found a shimmering altar of Xom.
  6943 | D:6      | Found a burning altar of Makhleb.
  6950 | D:6      | Reached skill level 5 in Armour
  7137 | D:7      | Reached skill level 8 in Unarmed Combat
  7172 | D:7      | Found a sacrificial altar of Ru.
  7387 | D:7      | Noticed Menkaure
  7400 | D:7      | Killed Menkaure
  7735 | D:7      | Found a staircase to the Ecumenical Temple.
  7831 | Temple   | Entered the Ecumenical Temple
  9054 | D:8      | Reached XP level 10. HP: 44/77 MP: 10/10
  9267 | D:8      | Noticed Grum
  9279 | D:8      | Killed Grum
  9280 | D:8      | Reached skill level 9 in Unarmed Combat
  9459 | D:8      | Found a stormy altar of Qazlal.
  9781 | D:9      | Noticed a two-headed ogre
  9792 | D:9      | Killed a two-headed ogre
  9898 | D:9      | Found a staircase to the Lair.
 10050 | D:9      | Found an opulent altar of Gozag.
 10238 | D:9      | Noticed a molten gargoyle
 10771 | D:9      | Found a radiant altar of Vehumet.
 10929 | D:9      | Found a bloodstained altar of Trog.
 10943 | D:9      | Found a shimmering blue altar of Sif Muna.
 11180 | D:9      | Got Sif Muna's Grimoire of Snow
 11264 | D:9      | Noticed a molten gargoyle
 11519 | D:9      | Reached skill level 10 in Unarmed Combat
 11765 | D:9      | Noticed a molten gargoyle
 11785 | D:9      | Killed a molten gargoyle
 11787 | D:9      | Killed a molten gargoyle
 11962 | D:8      | Reached skill level 12 in Unarmed Combat
 11962 | D:8      | Gained mutation: You are partially covered in icy blue
                  | scales. (AC +2) [demonic ancestry]
 11962 | D:8      | Reached XP level 11. HP: 86/86 MP: 11/11
 12504 | D:10     | Entered Level 10 of the Dungeon
 12758 | D:10     | Reached XP level 12. HP: 92/92 MP: 12/12
 12873 | D:10     | Noticed a two-headed ogre
 12892 | D:10     | Killed a two-headed ogre
 12893 | D:10     | Reached skill level 13 in Unarmed Combat
 13984 | D:10     | Found the +7 lajatang of Order {silver, rMut}
 13988 | D:10     | Got Tiulaqe's Papyrus of Spatial Curses
 14349 | D:10     | Identified the +1 scale mail of the Serpent {rF+}
 14488 | Lair:1   | Entered Level 1 of the Lair of Beasts
 14586 | Lair:1   | Noticed an eight-headed hydra
 14594 | Lair:1   | Killed an eight-headed hydra
 16198 | Lair:2   | Noticed Nergalle
 16566 | Lair:2   | Killed Nergalle
 16997 | Lair:2   | Reached skill level 14 in Unarmed Combat
 17677 | Lair:3   | Noticed a catoblepas
 18008 | Lair:3   | Mangled by a komodo dragon

Illustrated notes

Levels and vault maps discovered:
D:1:      lemuel_arrival_cross, layout_basic, minmay_tetromino_l2
D:2:      layout_loops_cross, nicolae_figureground_sparkle, uniq_sigmund
D:3:      layout_basic, serial_shops, nicolae_shop_crystal, serial_bayou_ford_a
D:4:      layout_loops_corners, pdpol_wu_jian_five_deadly_venoms,
          grunt_dithmenos_smoke_and_mirrors
D:5:      layout_basic, serial_shops, kennysheep_mini
D:6:      layout_basic, grunt_temple_overflow_champion_of_chaos,
          amcnicky_altar_gilded, mainiacjoe_overflow_concentric_impassable,
          uniq_blork_the_orc
D:7:      layout_cave_pods, nicolae_ru_sacrificial_ziggurat,
          minmay_temple_entry_sparse_star, minmay_misc_feat_tower,
          kennysheep_windowed_goal, uniq_menkaure
D:8:      layout_rooms, mainiacjoe_overflow_surrounded_room, uniq_grum
D:9:      layout_grid_maze, nzn_overflow_gifts_of_might_and_magic,
          jmf_multi_god_temple, vehumet_statue, dpeg_oklobed_lair, minivault_8
D:10:     layout_stronghold, minmay_the_grid_2x2 [minmay_the_grid_doors,
          minmay_the_grid_odd_star, minmay_the_grid_rooms,
          minmay_the_grid_prize_diamond_cup]
Temple:   dpeg_three_leaves_temple
Lair:1:   layout_regular_city, gammafunk_lair_bear_cave, grunt_megastairs_1
Lair:2:   layout_loops_ring, grunt_megastairs_3, uniq_nergalle
Lair:3:   layout_cave_shapes, nicolae_swamp_entry_splash_gauntlet,
          nicolae_spider_entry_tight_spaces, minmay_holes, st_stairs_5,
          nicolae_lair_grove_arrangements, chequers_serial_rivers_micro_c,
          uniq_amaemon

Skill      XL: |  1  2  3  4  5  6  7  8  9 10 11 12 |
---------------+-------------------------------------+-----
Unarmed Combat | 3 4 5 6 7 8 12 14 | 14.1
Dodging        | 3 4 5 6 7 8 |  8.8
Fighting       | 3 4 5 6 7 9 |  9.2
Armour         | 1 2 3 4 5 6 8 |  8.2
Throwing       | |  1.7

Action                   |  1- 3 |  4- 6 |  7- 9 | 10-12 || total
-------------------------+-------+-------+-------+-------++-------
Melee: Unarmed           |   102 |   120 |   345 |   409 ||   976
       Tailslap          |     8 |    19 |    62 |    84 ||   173
       Punch             |       |     6 |    17 |    38 ||    61
Evoke: Wand              |       |       |       |     7 ||     7
  Use: Potion            |     3 |       |       |     1 ||     4
       Scroll            |       |     7 |     8 |     6 ||    21
 Stab: Sleeping          |       |     1 |     2 |       ||     3
Armor: Leather armour    |    20 |    32 |    94 |    10 ||   156
       Skin              |     8 |       |       |       ||     8
       Steam dragon scal |       |       |       |    56 ||    56
       Scale mail        |       |       |       |    78 ||    78
Dodge: Dodged            |    48 |    77 |   232 |   257 ||   614
Block: Other             |       |       |    50 |   100 ||   150
       Reflection        |       |       |       |     1 ||     1

Table legend: (Time is in decaauts)
 A = Elapsed time spent in this place.
 B = Non-inter-level travel time spent in this place.
 C = Inter-level travel time spent in this place.
 D = Time resting spent in this place.
 E = Time spent auto-exploring this place.
 F = Levels seen in this place.
 G = Mean time per level.
                   A        B        C        D        E       F      G
               +--------+--------+--------+--------+--------+-----+--------+
         Total |  17875 |  17142 |    733 |   3993 |  11061 |  14 | 1276.8 |
       Dungeon |  14183 |  13574 |    609 |   2943 |   8863 |  10 | 1418.3 |
        Temple |    213 |    199 |     14 |    129 |     60 |   1 |  213.0 |
          Lair |   3479 |   3370 |    109 |    921 |   2138 |   3 | 1159.7 |
               +--------+--------+--------+--------+--------+-----+--------+

Top non-repeatable levels by time:
     D:9: 2732 daAuts
    D:10: 1926 daAuts
  Lair:1: 1716 daAuts
     D:4: 1674 daAuts
  Lair:2: 1606 daAuts
     D:7: 1377 daAuts
     D:5: 1372 daAuts
     D:2: 1170 daAuts
     D:8: 1161 daAuts
     D:6: 1125 daAuts
     D:1: 986 daAuts
     D:3: 654 daAuts
  Temple: 213 daAuts
  Lair:3: 156 daAuts
